 Dungeon Crawl Stone Soup version 0.19-a0-1907-gcff654f (webtiles) character file.

1494 Lochraine the Caller (level 8, -2/52 HPs)
             Began as a Mummy Wizard on Oct 21, 2016.
             Was a Follower of Ashenzari.
             Slain by an orc warrior
             ... wielding a +0 glaive
              (22 damage)
             ... on level 6 of the Dungeon.
             The game lasted 00:32:58 (12879 turns).

Lochraine the Caller (Mummy Wizard)                Turns: 12879, Time: 00:32:59

Health: -2/52      AC:  3    Str: 10    XL:     8   Next: 51%
Magic:  7/14       EV: 12    Int: 19    God:    Ashenzari [*.....]
Gold:   19         SH:  0    Dex: 11    Spells: 6 memorised, 2 levels left

rFire  x . .     SeeInvis .     r - +9 glaive of a Hundred Wars {freeze, MR+}
rCold  + . .     Gourm    .     a - +0 robe
rNeg   + + +     Faith    .     (shield currently unavailable)
rPois  ∞         Spirit   .     b - +0 hat (curse)
rElec  .         Reflect  .     w - +0 cloak (curse)
rCorr  .         Harm     .     (no gloves)
MR     ++...                    (no boots)
Stlth  ++........               (no amulet)
                                (no ring)
                                (no ring)

@: no status effects
A: no food or potions, fire vulnerability, cold resistance 1, negative energy
resistance 3, torment resistance, unbreathing
a: Curse Item, Scrying, Renounce Religion


You were on level 6 of the Dungeon.
You worshipped Ashenzari.
Ashenzari was aware of your devotion.
You were not hungry.

You visited 1 branch of the dungeon, and saw 6 of its levels.

You collected 260 gold pieces.
You spent 241 gold pieces at shops.

Inventory:

Hand Weapons
 r - the +9 glaive of a Hundred Wars (weapon) {freeze, MR+}
   (You bought it in a shop on level 5 of the Dungeon)

   It has been specially enchanted to freeze those struck by it, causing extra
   injury to most foes and up to half again as much damage against particularly
   susceptible opponents.
   It can also slow down cold-blooded creatures.
   It affects your resistance to hostile enchantments.
Missiles
 t - 84 arrows
 u - 43 sling bullets
Armour
 a - a +0 robe (worn)
 b - a cursed +0 hat (worn)
 j - a +0 scale mail
 o - the +3 leather armour "Napo" {*Drain +Blink rC+ SInv}
   (You found it on level 4 of the Dungeon)

   It protects you from cold.
   It lets you see invisible.
   It lets you blink.
   It causes draining when unequipped.
 w - a cursed +0 cloak (worn)
Wands
 q - a wand of flame (14/48)
 v - a wand of flame (18/48)
Scrolls
 f - a scroll of enchant armour {unknown}
 g - 4 scrolls of teleportation {unknown}
 h - 2 scrolls of recharging {unknown}
 i - a scroll of random uselessness {unknown}
 k - 2 scrolls of identify {unknown}
 m - a scroll of enchant weapon {unknown}
 n - a scroll of fear {unknown}
 p - a scroll of blinking {unknown}
Books
 c - a book of Minor Magic

   Spells                             Type                      Level
   a - Magic Dart                     Conjuration                  1
   b - Blink                          Translocation                2
   c - Call Imp                       Summoning                    2
   d - Repel Missiles                 Charms/Air                   2
   e - Slow                           Hexes                        2
   f - Conjure Flame                  Conjuration/Fire             3
   g - Mephitic Cloud                 Conjuration/Poison/Air       3
 s - a book of Changes

   Spells                             Type                      Level
   a - Beastly Appendage              Transmutation                1
   b - Sticks to Snakes               Transmutation                2
   c - Spider Form                    Transmutation/Poison         3
   d - Ice Form                       Ice/Transmutation            4
   e - Blade Hands                    Transmutation                5


   Skills:
 + Level 3.7 Polearms
 - Level 1.5 Dodging
 - Level 1.5 Stealth
 - Level 4.0 Spellcasting
 - Level 3.2 Conjurations
 - Level 4.2 Summonings
 - Level 1.4 Translocations
 - Level 2.6 Transmutations
 - Level 1.1 Fire Magic
 - Level 2.4 Air Magic
 - Level 2.1 Poison Magic


You had 2 spell levels left.
You knew the following spells:

 Your Spells              Type           Power        Failure   Level  Hunger
a - Magic Dart            Conj           ###.         4%          1    N/A
b - Blink                 Tloc           N/A          14%         2    N/A
c - Mephitic Cloud        Conj/Pois/Air  ##......     14%         3    N/A
d - Call Imp              Summ           ###.....     4%          2    N/A
e - Conjure Flame         Conj/Fire      ##......     17%         3    N/A
f - Sticks to Snakes      Tmut           ##......     10%         2    N/A

Dungeon Overview and Level Annotations

Branches:
Dungeon (6/15)             Temple (0/1) D:4

Altars:
Ashenzari
Dithmenos
Gozag
Vehumet

Shops:
D:5 (


Innate Abilities, Weirdness & Mutations

You do not eat or drink.
Your flesh is vulnerable to fire.
You are immune to poison.
Your flesh is cold resistant. (rC+)
You are immune to negative energy. (rN+++)
You are immune to unholy pain and torment.
You can survive without breathing.


Message History

The orc warrior is moderately wounded.
Your crimson imp barely misses the orc warrior.
The orc warrior barely misses you.
You hit the orc warrior. You freeze the orc warrior.
The orc warrior is moderately wounded.
Your crimson imp blinks!
Your crimson imp hits the orc warrior but does no damage.
Your crimson imp blinks!
You barely miss the orc warrior.
The orc warrior is moderately wounded.
The orc warrior seems less confused.
The orc warrior hits you with a glaive!
Your crimson imp hits the orc warrior but does no damage.
The orc warrior hits you from afar with a glaive!
Your crimson imp hits the orc warrior but does no damage.
Attack whom?
Press: ? - help, Dir - move target cursor, f/p - orc warrior
Aim: an orc warrior, wielding a glaive and wearing a plate armour (moderately wounded)
You could not reach far enough!
The orc warrior hits you from afar with a glaive!!
You die...

####.....## #
#####....)...#
#.............#
#####.............# ##
###.#................# #
.##
##....#................#
# #.#
##....###...5#######.....
#.## ##....## #...(# ....
##.###....## ##@5.# ..
#..#....## #5..##
#.......### #o.).#
#.........### #....# .
##..........####...# ..
#....#.......##...# ..#
#....####.........## ....
#....# ###........##
..... #...##
##........##...###


You could see an orc warrior and 3 friendly crimson imps.

Vanquished Creatures
  A hippogriff (D:5)
  An ice beast (D:6)
  3 scorpions
  A howler monkey (D:4)
  2 crimson imps (D:5)
  2 hounds
  3 orc priests
  A centaur skeleton (D:5)
  An iguana (D:5)
  2 orc wizards
  3 worker ants
  A hound zombie (D:5)
  Robin (D:2)
  3 gnolls (D:3)
  2 howler monkey skeletons
  11 adders
  2 shadow imps (D:5)
  An ooze (D:2)
  2 adder skeletons (D:5)
  A dart slug (D:2)
  4 leopard geckos
  15 orcs
  2 ball pythons
  8 giant cockroaches
  21 goblins
  10 hobgoblins
  15 jackals
  7 kobolds
  3 quokkas
  9 bats
  8 frilled lizards
  A leopard gecko skeleton (D:4)
  A leopard gecko zombie (D:5)
  4 rats
152 creatures vanquished.

Vanquished Creatures (collateral kills)
  2 yaks (D:6)
  A centaur (D:5)
  A scorpion (D:3)
  A howler monkey (D:5)
  A bullfrog zombie (D:5)
  2 orc priests (D:5)
  An orc wizard (D:5)
  A howler monkey skeleton (D:5)
  2 orcs (D:5)
  A jackal (D:5)
13 creatures vanquished.

Grand Total: 165 creatures vanquished

Notes
Turn   | Place    | Note
-------+----------+-------------------------------------------
     0 | D:1      | Lochraine the Mummy Wizard began the quest for the Orb.
     0 | D:1      | Reached XP level 1. HP: 13/13 MP: 4/4
   174 | D:1      | Reached skill level 1 in Conjurations
   584 | D:1      | Reached XP level 2. HP: 19/19 MP: 3/6
   885 | D:1      | Learned a level 2 spell: Blink
  1639 | D:2      | Reached skill level 1 in Translocations
  1678 | D:2      | Reached XP level 3. HP: 12/24 MP: 0/7
  2304 | D:1      | Learned a level 3 spell: Mephitic Cloud
  2361 | D:2      | Reached XP level 4. HP: 30/30 MP: 1/9
  3083 | D:2      | Reached skill level 1 in Air Magic
  3419 | D:2      | Noticed Robin
  3683 | D:2      | Reached skill level 1 in Poison Magic
  3783 | D:2      | Killed Robin
  4168 | D:3      | Found an opulent altar of Gozag.
  4216 | D:3      | Reached XP level 5. HP: 32/35 MP: 3/10
  5717 | D:3      | Found a shattered altar of Ashenzari.
  5817 | D:3      | Reached XP level 6. HP: 26/41 MP: 0/11
  6029 | D:3      | Learned a level 2 spell: Call Imp
  6304 | D:3      | Became a worshipper of Ashenzari the Shackled
  6471 | D:4      | Learned a level 3 spell: Conjure Flame
  6515 | D:4      | Found a staircase to the Ecumenical Temple.
  6694 | D:4      | Found a shadowy altar of Dithmenos.
  6783 | D:4      | Got the uncursed leather armour "Napo" {*Drain +Blink rC+ SInv}
  6849 | D:4      | Got the uncursed ring mail of Raippev {rPois Int-2 Dex-4 Stlth+}
  7044 | D:4      | Reached skill level 1 in Summonings
  7044 | D:4      | Reached skill level 1 in Fire Magic
  7471 | D:5      | Entered Level 5 of the Dungeon
  7937 | D:5      | Found a sand-covered staircase.
  8366 | D:3      | Reached XP level 7. HP: 46/46 MP: 8/12
 10173 | D:5      | Learned a level 2 spell: Sticks to Snakes
 10330 | D:5      | Noticed a hippogriff
 10350 | D:5      | Killed a hippogriff
 10350 | D:5      | Reached skill level 1 in Transmutations
 10695 | D:5      | Reached XP level 8. HP: 21/52 MP: 11/14
 10913 | D:5      | Found Suiprima's Antique Weapon Emporium.
 11289 | D:6      | Reached * piety under Ashenzari
 11414 | D:5      | Bought a twisted glaive for 241 gold pieces
 11414 | D:5      | Identified the +9 glaive of a Hundred Wars {freeze, MR+} (You bought it in a shop on level 5 of the Dungeon)
 11570 | D:6      | Reached skill level 1 in Polearms
 12732 | D:6      | Found a radiant altar of Vehumet.
 12879 | D:6      | Slain by an orc warrior

Vault maps used:
D:1:      noname_arrival_rooms_in_the_neighbourhood, minmay_misc_feat_nine_boxes
D:2:      kennysheep_goblin_castle
D:3:      nicolae_ashenzari_panopticon, portal_sewer_entry_e,
          serial_bayou_ford_a, nicolae_gozag_cash_rules_everything_around_me
D:4:      first_bread, grunt_dithmenos_smoke_and_mirrors
D:5:      nicolae_ossuary_entry_false_entrances, serial_shops,
          kennysheep_mini_moat
D:6:      lemuel_doored_altar, gammafunk_temple_overflow_statue,
          hangedman_abyss_or_decor_passed

Skill      XL: |  1  2  3  4  5  6  7  8 |
---------------+-------------------------+-----
Conjurations   | 1 2 3 |  3.2
Translocations | 1 |  1.4
Air Magic      | 1 2 |  2.4
Poison Magic   | 1 2 |  2.1
Summonings     | 2 4 |  4.2
Fire Magic     | 1 |  1.1
Spellcasting   | 4 |  4.0
Transmutations | 2 |  2.6
Polearms       | 3 |  3.7
Dodging        | |  1.5
Stealth        | |  1.5

Action                   |  1- 3 |  4- 6 |  7- 9 || total
-------------------------+-------+-------+-------++-------
Melee: Short sword       |    27 |    31 |       ||    58
       Unarmed           |     4 |       |       ||     4
       Trident           |       |       |    76 ||    76
       Glaive            |       |       |    36 ||    36
 Fire: Hunting sling     |       |   150 |    59 ||   209
 Cast: Magic Dart        |    74 |   177 |    29 ||   280
       Mephitic Cloud    |       |     5 |     9 ||    14
       Call Imp          |       |    11 |    28 ||    39
       Blink             |       |       |     1 ||     1
Invok: Curse Item        |       |     1 |     1 ||     2
  Use: Scroll            |       |     2 |       ||     2
 Stab: Sleeping          |       |       |     1 ||     1
       Distracted        |       |       |     1 ||     1
Armor: Robe              |    12 |    26 |    19 ||    57
Dodge: Dodged            |    50 |   116 |   101 ||   267
